 Dungeon Crawl Stone Soup version 0.32-a0-427-g448f42529f (webtiles) character file.

Game seed: 1288311182527735849

107 Revguard the Slasher (level 4, -3/34 HPs)
             Began as a Demonspawn Gladiator on Feb 22, 2024.
             Slain by an orc
             ... wielding a +0 morningstar
              (10 damage)
             ... on level 2 of the Dungeon.
             The game lasted 00:02:11 (917 turns).

Revguard the Slasher (Demonspawn Gladiator)          Turns: 917, Time: 00:02:12

Health: -3/34      AC:  3    Str: 14    XL:     4   Next: 57%
Magic:  5/5        EV: 12    Int:  9    God:
Gold:   18         SH:  0    Dex: 16    Spells: 3/3 levels left

rFire   . . .        a - +0 long sword
rCold   . . .        (no shield)
rNeg    . . .        b - +0 leather armour
rPois   .            (helmet restricted)
rElec   .            (no cloak)
rCorr   .            (no gloves)
SInv    .            (no boots)
Will    .....        (no amulet)
Stlth   +            (no ring)
HPRegen 0.25/turn    (no ring)
MPRegen 0.09/turn

%: no passive effects
@: no status effects
A: antennae 2
a: no special abilities


You were on level 2 of the Dungeon.
You visited 1 branch of the dungeon, and saw 2 of its levels.

You collected 18 gold pieces.

Inventory:

Hand Weapons
 a - a +0 long sword (weapon)
Missiles
 d - 3 throwing nets (quivered)
 e - a javelin
Armour
 b - a +0 leather armour (worn)
 c - a +0 helmet
Scrolls
 f - a scroll of identify {unknown}
 h - a scroll of teleportation {unknown}


   Skills:
 + Level 2.5 Fighting
 * Level 3.5 Long Blades
 - Level 1.7 Throwing
 + Level 1.2 Armour
 + Level 3.0 Dodging
 + Level 0.6 Stealth
 + Level 1.6 Invocations
 + Level 1.1 Evocations


You had 3 spell levels left.
You didn't know any spells.
Your spell library was empty.

Dungeon Overview and Level Annotations

Branches:
Dungeon (2/15)

Altars:
Nemelex Xobeh


Innate Abilities, Weirdness & Mutations

You have a pair of antennae on your head.


Message History

The orc hits you with a +0 morningstar. The orc wizard casts a spell at you.
The puff of flame hits you!
You closely miss the orc wizard.
The orc wizard is severely wounded.
The orc hits you with a +0 morningstar.
* * * LOW HITPOINT WARNING * * *
The orc wizard hits you with a +0 dagger.
* * * LOW HITPOINT WARNING * * *
You barely miss the orc. The orc closely misses you.
You hit the orc.
The orc is lightly wounded.
The orc closely misses you.
You completely miss the orc wizard.
The orc wizard is severely wounded.
You closely miss the orc wizard.
The orc wizard is severely wounded.
The orc wizard hits you with a +0 dagger.
* * * LOW HITPOINT WARNING * * *
You hit the orc wizard but do no damage.
The orc wizard is severely wounded.
The orc wizard hits you with a +0 dagger.
* * * LOW HITPOINT WARNING * * *
The orc wizard closely misses you.
You slash the orc wizard!
You kill the orc wizard!
You barely miss the orc.
The orc is lightly wounded.
The orc closely misses you.
You barely miss the orc.
The orc is lightly wounded.
The orc hits you with a +0 morningstar.
* * * LOW HITPOINT WARNING * * *
You barely miss the orc.
The orc is lightly wounded.
The orc misses you. x2
You hit the orc but do no damage.
The orc is lightly wounded.
The orc hits you with a +0 morningstar!
You die...

### ..# #.#
. #.# .._
#@#
.....#o###
........<.#
####.####.#
# #.# #.#
#[# #.# ...


You could see an orc.

Vanquished Creatures
  2 orc wizards (D:2)
  A dart slug (D:1)
  4 ball pythons (D:1)
  3 endoplasms (D:1)
  A goblin (D:1)
  2 hobgoblins (D:1)
  7 jackals (D:1)
  2 kobolds (D:1)
  2 quokkas (D:1)
  2 bats (D:1)
  A frilled lizard (D:1)
  4 rats (D:1)
31 creatures vanquished.

Notes
Turn   | Place    | Note
-------+----------+-------------------------------------------
     0 | D:1      | Revguard the Demonspawn Gladiator began the quest for the
                  | Orb.
     0 | D:1      | Reached XP level 1. HP: 16/16 MP: 1/1
    92 | D:1      | Gained mutation: You have a pair of small antennae on your
                  | head. [demonic ancestry]
    92 | D:1      | Reached XP level 2. HP: 22/22 MP: 2/2
   110 | D:1      | Reached skill level 1 in Invocations
   221 | D:1      | Gained mutation: You have a pair of antennae on your head.
                  | [demonic ancestry]
   221 | D:1      | Reached XP level 3. HP: 9/27 MP: 3/3
   697 | D:1      | Reached skill level 1 in Armour
   778 | D:2      | Found a sparkling altar of Nemelex Xobeh.
   795 | D:2      | Reached skill level 1 in Evocations
   795 | D:2      | Reached XP level 4. HP: 10/34 MP: 3/5
   917 | D:2      | Slain by an orc

Illustrated notes

Levels and vault maps discovered:
D:1:      eino_arrival_water_cross, layout_loops_ring
D:2:      layout_loops_ring, basic_altar, dreamdust_princess_corridor,
          amcnicky_mini_rare_corridor_liquid, minmay_lizard_pond

Skill      XL: |  1  2  3 |
---------------+----------+-----
Invocations    | 1 |  1.6
Long Blades    | 3 |  3.5
Armour         | 1 |  1.2
Dodging        | 3 |  3.0
Evocations     | 1 |  1.1
Fighting       | |  2.5
Throwing       | |  1.7
Stealth        | |  0.6

Action                     |  1- 3 |  4- 6 || total
---------------------------+-------+-------++-------
  Melee: Long sword        |    92 |    13 ||   105
    Use: Potion            |       |     1 ||     1
   Stab: Sleeping          |     1 |       ||     1
 Armour: Leather armour    |    65 |    11 ||    76
  Dodge: Dodged            |    73 |     8 ||    81

Table legend: (Time is in decaauts)
 A = Elapsed time spent in this place.
 B = Non-inter-level travel time spent in this place.
 C = Inter-level travel time spent in this place.
 D = Time resting spent in this place.
 E = Time spent auto-exploring this place.
 F = Levels seen in this place.
 G = Mean time per level.
                   A        B        C        D        E       F      G
               +--------+--------+--------+--------+--------+-----+--------+
         Total |    929 |    897 |     32 |     86 |    541 |   2 |  464.5 |
       Dungeon |    929 |    897 |     32 |     86 |    541 |   2 |  464.5 |
               +--------+--------+--------+--------+--------+-----+--------+

Top non-repeatable levels by time:
     D:1: 886 daAuts
     D:2: 42 daAuts
